 Dungeon Crawl Stone Soup version 0.29.1-13-g9f3cf754e1 (webtiles) character file.

Game seed: 1939245233881273079

82 sizableburger the Insei (level 4, -2/36 HPs)
             Began as a Draconian Warper on Jan 29, 2023.
             Slain by a black bear (7 damage)
             ... on level 4 of the Dungeon.
             The game lasted 00:05:16 (3270 turns).

sizableburger the Insei (Draconian Warper)          Turns: 3270, Time: 00:05:17

Health: -2/36      AC:  5    Str: 11 (13) XL:     4   Next: 21%
Magic:  7/7        EV: 16    Int: 11 (13) God:
Gold:   131        SH:  0    Dex: 10 (13) Spells: 2/7 levels left

rFire   . . .      SeeInvis .     - Unarmed
rCold   . . .      Faith    .   (no shield)
rNeg    . . .      Spirit   .   (body armour unavailable)
rPois   .          Reflect  .   (helmet restricted)
rElec   .          Harm     +   g - scarf {harm}
rCorr   .          Rampage  .   (no gloves)
Will    +....                   (no boots)
Stlth   +.........              (no amulet)
HPRegen 0.12/turn               l - +4 ring of evasion
MPRegen 0.10/turn               n - ring of willpower

@: no status effects
A: AC +5, unfitting armour, cold-blooded, antennae 1, devolution 1
a: no special abilities


You were on level 4 of the Dungeon.
You visited 1 branch of the dungeon, and saw 4 of its levels.

You collected 131 gold pieces.

Inventory:

Missiles
 b - 4 boomerangs of dispersal
 i - 7 poisoned darts (quivered)
Armour
 g - a scarf of harm (worn)
Jewellery
 l - a +4 ring of evasion (left hand)
 n - a ring of willpower (right hand)
Scrolls
 a - a scroll of blinking
 f - a scroll of silence
 h - 3 scrolls of identify
Potions
 d - 5 potions of heal wounds
 j - 2 potions of degeneration


   Skills:
 - Level 2.1 Fighting
 - Level 0.8 Throwing
 - Level 2.1 Dodging
 + Level 4.4 Unarmed Combat
 - Level 2.0 Spellcasting
 - Level 3.2 Translocations


You had 2 spell levels left.
You knew the following spells:

 Your Spells              Type           Power      Damage    Failure   Level
a - Blink                 Tloc           16%        N/A       12%         2
b - Lesser Beckoning      Tloc           8%         N/A       24%         3

Your spell library contained the following spells:

 Spells                   Type           Power      Damage    Failure   Level
 Gell's Gravitas          Tloc           8%         N/A       24%         3
 Teleport Other           Tloc           8%         N/A       24%         3
 Manifold Assault         Tloc           8%         N/A       91%         5
 Olgreb's Toxic Radiance  Pois           1%         N/A       96%         4
 Ozocubu's Refrigeration  Ice            0%         4d7       100%        7
 Ignition                 Fire           0%         3d3       100%        8


Dungeon Overview and Level Annotations

Branches:
Dungeon (4/15)
 Temple: D:4-7

Altars:

Shops:
D:2 (   D:3 ?


Innate Abilities, Weirdness & Mutations

Your plain brown scales are hard. (AC +5)
You cannot fit into any form of body armour.
You are cold-blooded and may be slowed by cold attacks.
You have a pair of small antennae on your head.
You have hidden genetic defects.


Message History

The black bear closely misses you. The black bear completely misses you.
The black bear claws you but does no damage.
Throw: 7 boomerangs (disperse)
Press: ? - help, Q - select action, (/) - cycle Shift-Dir - straight line, f/p - black bear
Aim: a black bear (heavily wounded, very poisoned, 64% to hit)
You throw a boomerang of dispersal.
The boomerang of dispersal hits the black bear.
The black bear blinks!
The black bear is heavily wounded.
Throw: 6 boomerangs (disperse)
Press: ? - help, Q - select action, (/) - cycle Shift-Dir - straight line, f/p - black bear
Aim: a black bear (severely wounded, very poisoned, 64% to hit)
You throw a boomerang of dispersal.
The boomerang of dispersal barely misses the black bear.
Unknown command.
You float gracefully downwards.
The black bear goes berserk!
You see here 8 poisoned darts.
i - 8 poisoned darts The black bear rages.
Throw: 5 boomerangs (disperse)
Press: ? - help, Q - select action, (/) - cycle Shift-Dir - straight line, f/p - black bear
Aim: a black bear (severely wounded, berserk, very poisoned, 64% to hit)
You throw a boomerang of dispersal.
The boomerang of dispersal completely misses the black bear.
The black bear completely misses you. The black bear closely misses you.
The black bear completely misses you. The black bear closely misses you.
The black bear claws you but does no damage.
The black bear misses you.
Throw: 8 darts (poison)
Press: ? - help, Q - select action, (/) - cycle Shift-Dir - straight line, f/p - black bear
Aim: a black bear (severely wounded, berserk, very poisoned, 64% to hit)
You throw a poisoned dart. The poisoned dart hits the black bear.
The black bear looks even sicker.
The black bear is severely wounded.
The black bear misses you. The black bear closely misses you.
The black bear barely misses you. The black bear bites you.
The black bear claws you.
* * * LOW HITPOINT WARNING * * *
The black bear claws you.
You die...

#.. ................. .. #
#####....)....... ##. #h##
#.........##<
#..#######...###
#.........### #...#...#
#$..# #.........##.
#.<...## #.# ####......##.
###>...#
#.#########......##.
.####....#
#.(##............##.
.........##
##<@h.########.##...
.....†....## ##..## #.##.##
##.........## #..### #.##.#
#...#####..###....# ##.##.#
##..
#......##.#######..#..##
....
##.......................
.....
.##..##.#####..#####.#.####
.!..# .....##.# #.# #...#
.$.. .####..#.# .. #.###


You could see a black bear (berserk, very poisoned).

Vanquished Creatures
  4 adders
  A worm (D:3)
  An orc (D:4)
  5 endoplasms
  3 giant cockroaches
  5 goblins
  2 quokkas (D:1)
  9 ball pythons
  6 bats
  A frilled lizard (D:2)
  4 kobolds (D:1)
  3 rats (D:1)
44 creatures vanquished.

Notes
Turn   | Place    | Note
-------+----------+-------------------------------------------
     0 | D:1      | sizableburger the Draconian Warper began the quest for the
                  | Orb.
     0 | D:1      | Reached XP level 1. HP: 17/17 MP: 3/3
   493 | D:2      | Found Wasying's Antique Weapon Emporium.
   511 | D:1      | Reached XP level 2. HP: 14/24 MP: 5/5
  1460 | D:1      | Reached skill level 3 in Unarmed Combat
  2071 | D:2      | Reached XP level 3. HP: 29/29 MP: 6/6
  2255 | D:2      | You fall into a shaft and drop 2 floors!
  2512 | D:3      | Found Wudwesix's Magic Scroll Shoppe.
  2600 | D:3      | Reached skill level 4 in Unarmed Combat
  2742 | D:3      | Reached XP level 4. HP: 33/36 MP: 7/7
  2765 | D:4      | Learned a level 2 spell: Blink
  2769 | D:4      | Learned a level 3 spell: Lesser Beckoning
  2772 | D:4      | Noticed a black bear
  3244 | D:4      | Gained mutation: You have hidden genetic defects. [potion
                  | of mutation]
  3244 | D:4      | Gained mutation: You have a pair of small antennae on your
                  | head. [potion of mutation]
  3270 | D:4      | Slain by a black bear

Illustrated notes

Levels and vault maps discovered:
D:1:      dpeg_arrival_concentric_ovals, layout_basic,
          chequers_serial_rivers_marsh, chequers_serial_rivers_micro_e,
          nrook_mini_backslash, serial_bayou_pond_e, minivault_11
D:2:      layout_rooms, serial_shops, nicolae_shop_crystal, uniq_terence
D:3:      layout_basic, serial_shops, shop, nicolae_eternal_life
D:4:      layout_rooms, amcnicky_mini_pool_small

Skill      XL: |  1  2  3 |
---------------+----------+-----
Unarmed Combat | 3 4 |  4.4
Fighting       | |  2.1
Throwing       | |  0.8
Dodging        | |  2.1
Spellcasting   | |  2.0
Translocations | |  3.2

Action                   |  1- 3 |  4- 6 || total
-------------------------+-------+-------++-------
Melee: Unarmed           |    93 |    19 ||   112
       Punch             |     5 |     1 ||     6
       Tailslap          |     7 |     3 ||    10
Throw: Dart              |     9 |    15 ||    24
       Boomerang         |       |     3 ||     3
  Use: Scroll            |     3 |     3 ||     6
       Potion            |       |     5 ||     5
 Stab: Sleeping          |     1 |       ||     1
Armor: Skin              |    27 |    15 ||    42
Dodge: Dodged            |   101 |    62 ||   163
